 Dungeon Crawl Stone Soup version 0.31.0-11-ge490571c62 (webtiles) character file.

Game seed: 10522014706235729382

4789 shadowrider38 the Fighter (level 10, 1/94 HPs)
             Began as a Minotaur Fighter on Jan 30, 2024.
             Was an Elder of Okawaru.
             Quit the game on level 8 of the Dungeon.
             The game lasted 00:07:06 (7486 turns).

shadowrider38 the Fighter (Minotaur Fighter)        Turns: 7486, Time: 00:07:07

Health: 1/94       AC: 14    Str: 24    XL:     10   Next: 24%
Magic:  11/11      EV:  5    Int:  5    God:    Okawaru [****..]
Gold:   282        SH:  5    Dex: 11    Spells: 9/9 levels left

rFire   . . .        a - +8 mace "Ompemagel" {distort, rN+}
rCold   . . .        c - +0 buckler
rNeg    + . .        E - +0 chain mail
rPois   .            (helmet restricted)
rElec   .            e - +1 cloak
rCorr   +            A - +1 pair of gloves
SInv    .            (no boots)
Will    .....        G - amulet of faith Stlth
                     g - ring of resist corrosion
HPRegen 0.35/turn    (no ring)
MPRegen 0.12/turn

%: faith
@: lethally poisoned (1 -> -22), constricted
A: horns 2, retaliatory headbutt
a: Renounce Religion, Heroism, Finesse


You were on level 8 of the Dungeon.
You worshipped Okawaru.
Okawaru was greatly pleased with you.
You visited 2 branches of the dungeon, and saw 9 of its levels.

You collected 282 gold pieces.

Inventory:

Hand Weapons
 a - the +8 mace "Ompemagel" (weapon) {distort, rN+}
   (You found it on level 4 of the Dungeon)

   rN+:       It protects you from negative energy.
 B - a +0 war axe
 F - the +10 spear of Badatzir {protect, rF+ Will+++ MP+9 Int-2}
   (You found it on level 7 of the Dungeon)

   Int-2:     It affects your intelligence (-2).
   rF+:       It protects you from fire.
   Will+++:   It greatly increases your willpower.
   MP+9:      It affects your magic capacity (+9).
Missiles
 x - 6 silver javelins (quivered)
 J - 4 atropa-tipped darts
Armour
 c - a +0 buckler (worn)
 e - a +1 cloak (worn)
 A - a +1 pair of gloves (worn)
 E - a +0 chain mail (worn)
Jewellery
 g - a ring of resist corrosion (left hand)
 G - an amulet of faith (around neck)
Wands
 y - a wand of mindburst (9)
 I - a wand of iceblast (8)
 V - a wand of flame (16)
Scrolls
 b - a scroll of blinking {unknown}
 h - 3 scrolls of enchant armour {unknown}
 l - a scroll of brand weapon {unknown}
 p - 4 scrolls of identify {unknown}
 r - a scroll of vulnerability {unknown}
 v - 2 scrolls of butterflies {unknown}
 w - a scroll of fear {unknown}
 C - 2 scrolls of noise {unknown}
 D - 3 scrolls of teleportation {unknown}
 H - a scroll of revelation {unknown}
 K - a scroll of fog {unknown}
Potions
 d - 3 potions of might
 f - 2 potions of degeneration {unknown}
 i - 2 potions of brilliance {unknown}
 j - 3 potions of lignification {unknown}
 k - 3 potions of invisibility {unknown}
 m - 3 potions of haste {unknown}
 n - 3 potions of berserk rage {unknown}
 o - 2 potions of enlightenment {unknown}
 q - 4 potions of heal wounds {unknown}
 s - 6 potions of curing {unknown}
 t - 2 potions of resistance {unknown}
 u - 2 potions of mutation {unknown}
 z - a potion of ambrosia {unknown}


   Skills:
 + Level 10.5 Fighting
 - Level 9.9(11.7) Axes
 * Level 9.9(11.6) Maces & Flails
 - Level 5.0 Armour
 - Level 5.0 Shields
 - Level 3.0 Invocations


You had 9 spell levels left.
You didn't know any spells.
Your spell library contained the following spells:

 Spells                   Type           Power      Damage    Failure   Level
 Magic Dart               Conj           0%         1d3       98%         1
 Blink                    Tloc           0%         N/A       99%         2
 Call Imp                 Summ           Unusable   N/A       N/A         2

Dungeon Overview and Level Annotations

Branches:
Dungeon (8/15) Zot: 26525  Temple (1/1) D:6 Zot: 5955
   Lair: D:8-11

Altars:
Ashenzari
Cheibriados
Dithmenos
Fedhas
Gozag
Kikubaaqudgha
Makhleb
Okawaru
Qazlal
Ru
Uskayaw
Wu Jian
Xom
Yredelemnul
Zin
The Shining One

Shops:
D:7 =

Annotations:
D:8 Erica, Joseph


Innate Abilities, Weirdness & Mutations

You have a pair of horns on your head.
You reflexively headbutt those who attack you in melee.


Message History

The wyvern is almost dead.
The wyvern blinks!
There is a stone staircase leading up, spattered with blood here.
You completely miss Joseph. You sock the wyvern!
You kill the wyvern!
Okawaru accepts your kill.
Joseph unwields a +4 sling.
Joseph wields a +0 quarterstaff.
Joseph hits you with a +0 quarterstaff.
You hit Joseph.
Space warps around Joseph.
You headbutt Joseph, but do no damage.
Joseph is lightly wounded.
Erica the Fiery-Tempered comes into view.
She is wielding a +1 scimitar of flaming.
Joseph hits you with a +0 quarterstaff!
You closely miss Joseph.
Joseph is lightly wounded.
Erica shouts!
Joseph hits you but does no damage.
You sock Joseph!
Space warps horribly around Joseph!!
You headbutt Joseph.
Joseph is severely wounded.
You block Joseph's attack.
You hit Joseph but do no damage. Your headbutt misses Joseph.
Joseph is severely wounded.
Joseph blinks!
You start resting.
You hear the quick creaking of a portcullis nearby.
Erica mumbles some strange words.
Erica flickers and vanishes!
Deactivating autopickup; reactivate with Ctrl-A.
There is a stone staircase leading up, spattered with blood here.
You hit something.
Space warps horribly around something!
Something hits you! Something burns you. Something grabs you.
You are constricted.
Joseph unwields a +0 quarterstaff.
Joseph wields a +4 sling.
Joseph shoots a sling bullet.
The sling bullet hits you!
You hit something.
Space warps horribly around something!
You headbutt something! Something hits you but does no damage.
You are constricted.
You miss something.
Joseph shoots a sling bullet.
The sling bullet hits you! Something hits you. Something burns you.
You are constricted.
You barely miss something. Your headbutt misses something.
Joseph shoots a sling bullet.
The sling bullet hits you!
* * * LOW HITPOINT WARNING * * *
You hear some strange, mumbled words.
A bolt of poison appears from out of thin air!
The bolt of poison hits you!!
You are lethally poisoned!
* * * LOW HITPOINT WARNING * * *
You are constricted.
Unknown command.
Are you sure you want to abandon this character and quit the game? (Confirm with "yes".)

............... ..
.............# ..#
.......k....###..# ###
#...........##...# ##.##
...............# #._.#
#............#
######.#######...@........#
#...........#####{........#
##....#....###..@#........##
##..###..##
##.†##........#### ##..#..##
##...#####........ ##.#.##
###.....###.....#### #.#.#
##.............### #.#.#
#..............# #.#.#
#.###..##....### #...###.#
##...##### ##'###..# #####


You could see Joseph.

Vanquished Creatures
  Pikel (D:5)
  Grinder (D:4)
  Prince Ribbit (D:6)
  Sigmund (D:4)
  2 wyverns
  4 yaks
  Menkaure (D:4)
  3 sky beasts
  A black bear (D:5)
  4 ogres
  3 lemures
  2 kobold brigands
  2 bullfrogs (D:6)
  2 scorpions (D:6)
  6 killer bees (D:7)
  A howler monkey (D:6)
  An electric eel (D:8)
  A bombardier beetle (D:6)
  2 hounds
  2 jellies (D:6)
  3 orc priests (D:4)
  2 sleepcaps
  7 iguanas
  2 orc wizards
  6 adders
  A shadow imp (D:6)
  2 dart slugs
  A ribbon worm (D:4)
  10 orcs
  7 bats
  10 endoplasms
  6 giant cockroaches
  9 goblins
  7 hobgoblins
  3 jackals (D:3)
  A quokka (D:6)
  5 ball pythons
  3 frilled lizards
  11 kobolds
  4 rats
141 creatures vanquished.

Vanquished Creatures (collateral kills)
  An ogre (D:5)
  A lemure (D:5)
2 creatures vanquished.

Vanquished Creatures (others)
  A centaur (D:5)
1 creature vanquished.

Grand Total: 144 creatures vanquished

Notes
Turn   | Place    | Note
-------+----------+-------------------------------------------
     0 | D:1      | shadowrider38 the Minotaur Fighter began the quest for the
                  | Orb.
     0 | D:1      | Reached XP level 1. HP: 19/19 MP: 0/0
   331 | D:1      | Found a faded altar of an unknown god.
   332 | D:1      | Noticed a shining eye
   334 | D:1      | Noticed a shining eye
   334 | D:1      | Noticed a shining eye
   334 | D:1      | Noticed a glass eye
   339 | D:1      | Reached XP level 2. HP: 27/27 MP: 1/1
   480 | D:1      | Reached skill level 3 in Axes
   934 | D:2      | Reached skill level 4 in Fighting
   934 | D:2      | Reached XP level 3. HP: 30/33 MP: 2/2
  1229 | D:2      | Found an ornate altar of the Wu Jian Council.
  2041 | D:3      | Reached XP level 4. HP: 40/40 MP: 3/3
  2443 | D:4      | Noticed Sigmund
  2454 | D:4      | Reached XP level 5. HP: 47/47 MP: 4/4
  2470 | D:4      | Killed Sigmund
  2471 | D:4      | Reached XP level 6. HP: 40/55 MP: 5/5
  2653 | D:4      | Reached skill level 5 in Fighting
  3055 | D:4      | Noticed Grinder
  3058 | D:4      | Paralysed by Grinder for 4 turns
  3068 | D:4      | Paralysed by Grinder for 2 turns
  3071 | D:4      | Killed Grinder
  3072 | D:4      | Reached skill level 6 in Fighting
  3072 | D:4      | Reached XP level 7. HP: 37/63 MP: 6/6
  3167 | D:4      | You fall into a shaft and drop 2 floors!
  3220 | D:5      | Entered Level 5 of the Dungeon
  3220 | D:5      | Noticed Prince Ribbit
  3245 | D:5      | Noticed Pikel
  3564 | D:6      | Found a staircase to the Ecumenical Temple.
  3585 | Temple   | Entered the Ecumenical Temple
  3607 | Temple   | Became a worshipper of Warmaster Okawaru
  3771 | D:5      | Reached XP level 8. HP: 55/71 MP: 7/7
  3900 | D:6      | Reached skill level 7 in Fighting
  3910 | D:6      | Killed Prince Ribbit
  3911 | D:6      | Reached skill level 9 in Axes
  4421 | D:4      | Noticed Menkaure
  4426 | D:4      | Killed Menkaure
  4426 | D:4      | Reached * piety under Okawaru
  4538 | D:4      | Identified the +8 mace "Ompemagel" {distort, rN+}
  4709 | D:4      | Found a snail-covered altar of Cheibriados.
  4776 | D:5      | Killed Pikel
  4776 | D:5      | Reached ** piety under Okawaru
  4777 | D:5      | Reached skill level 8 in Fighting
  4777 | D:5      | Reached skill level 3 in Maces & Flails
  4777 | D:5      | Reached XP level 9. HP: 71/82 MP: 7/9
  5131 | D:5      | Reached skill level 3 in Invocations
  5135 | D:5      | Reached *** piety under Okawaru
  5136 | D:5      | Reached skill level 9 in Fighting
  5881 | D:7      | Found Fehes's Jewellery Emporium.
  5935 | D:7      | Identified the +10 spear of Badatzir {protect, rF+ Will+++
                  | MP+9 Int-2}
  6313 | D:7      | Reached skill level 10 in Fighting
  7013 | D:8      | Noticed an orc knight
  7035 | D:7      | Banished an orc knight
  7036 | D:7      | Reached skill level 9 in Maces & Flails
  7036 | D:7      | Reached XP level 10. HP: 38/93 MP: 11/11
  7419 | D:8      | Reached **** piety under Okawaru
  7430 | D:8      | Found a glowing golden altar of the Shining One.
  7463 | D:8      | Noticed Joseph
  7474 | D:8      | Noticed Erica
  7485 | D:8      | HP: 1/94 [something/bolt of poison (21)]
  7486 | D:8      | Quit the game

Illustrated notes

Levels and vault maps discovered:
D:1:      nagdon_arrival_zigzag_paths, layout_basic,
          hellmonk_ecumenical_altar_watching_god
D:2:      minmay_skewed_foursquare, layout_basic, basic_altar
D:3:      layout_loops_cross
D:4:      layout_loops_corners, cheibrodos_worm_habitat, uniq_menkaure,
          uniq_sigmund, uniq_grinder
D:5:      layout_gridville, nrook_campfire, uniq_prince_ribbit1, uniq_pikel
D:6:      layout_loops_ring, minmay_temple_entry_statues_fountains,
          portal_sewer_entry_f
D:7:      layout_basic, serial_shops, nicolae_stop_n_shop_1,
          hangedman_decor_lopped
D:8:      layout_cave_pools, nicolae_tso_swordbearing_angel,
          jmf_multi_god_temple2, nicolae_overflow_two_pavilions, enter_bailey_3,
          kennysheep_island_fort, uniq_joseph, uniq_erica, uniq_jeremiah
Temple:   nicolae_temple_bog_church

Skill      XL: |  1  2  3  4  5  6  7  8  9 |
---------------+----------------------------+-----
Axes           | 3 4 5 7 8 9 |  9.9
Fighting       | 4 6 8 10 | 10.5
Armour         | 4 5 |  5.0
Shields        | 4 5 |  5.0
Maces & Flails | 3 9 |  9.9
Invocations    | 2 3 |  3.0

Action                     |  1- 3 |  4- 6 |  7- 9 | 10-12 || total
---------------------------+-------+-------+-------+-------++-------
  Melee: War axe           |    86 |    79 |    65 |       ||   230
         Headbutt          |     8 |     9 |    34 |     4 ||    55
         Mace              |       |       |   113 |    22 ||   135
  Throw: Dart              |       |     1 |       |       ||     1
  Evoke: Wand              |       |       |    11 |       ||    11
 Armour: Scale mail        |    58 |    43 |       |       ||   101
         Chain mail        |       |     7 |   150 |    20 ||   177
  Dodge: Dodged            |    41 |    25 |    61 |     1 ||   128
  Block: Buckler           |    27 |    14 |    27 |     4 ||    72
